Canadiens vs Predators
Created - 22 décembre 2014 at 19:04
Goals
|
Canadiens |
1 |
1 |
2 |
4 |
Predators |
0 |
3 |
2 |
5 |
|
Shots
|
Canadiens |
6 |
13 |
11 |
30 |
Predators |
6 |
19 |
16 |
41 |
|
1st period
1. Canadiens , Saku Koivu 10 (Radim Vrbata, Sergei Samsonov) at 12:15 (PP)
Penalties :
Nicklas Lidstrom (Mon) for Interference (Minor) at 0:27, Sergei Samsonov (Mon) for Hooking (Minor) at 4:50, Kris Vernarsky (Nas) for Charging (Minor) at 11:11
2nd period
2. Canadiens , Radim Vrbata 20 (Saku Koivu) at 8:00
3. Predators , Josef Vasicek 10 (Georges Laraque, Kent Huskins) at 12:55
4. Predators , Alexander Ovechkin 23 (Joe Thornton) at 16:44
5. Predators , Alexander Ovechkin 24 (Joe Thornton, Danny Richmond) at 18:03 (PP)
Penalties :
Josh Gorges (Mon) for Hooking (Minor) at 17:45
3rd period
6. Canadiens , Nicklas Lidstrom 4 (Brooks Laich, Michel Ouellet) at 3:57
7. Canadiens , Mikael Samuelsson 5 (Matt Carle, Brooks Laich) at 11:15
8. Predators , Ryan Mcdonagh 3 (Joe Thornton, Alexander Ovechkin) at 14:28 (PP)
9. Predators , Kris Vernarsky 9 (Josef Vasicek, Oleg Saprykin) at 18:41
Penalties :
Dennis Wideman (Mon) for Roughing (Minor) at 1:25, Mike Ribeiro (Mon) for Hooking (Minor) at 13:09, Georges Laraque (Nas) for Fighting (Major) at 18:27, Michel Ouellet (Mon) for Fighting (Major) at 18:27
Goalie Stats
Jaroslav Halak (Mon), 36 saves from 41 shots - (0,878), L, 9-8-1, 59:28 minutes
Kari Lehtonen (Nas), 26 saves from 30 shots - (0,867), W, 15-10-2, 60:00 minutes
Players Stats for Canadiens
Player Name G A P +/- PIM S H SB GA TA FO MP PP MP PK MP
------------------------------------------------------------------------------------
Brandon Prust 0 0 0 0 0 1 0 0 0 0 0/0 7:36 0:00 0:25
Brett Clark 0 0 0 1 0 2 2 1 1 1 0/0 18:21 0:00 2:22
Brooks Laich 0 2 2 0 0 3 0 0 1 0 3/11 12:18 0:00 0:00
Craig Rivet 0 0 0 0 0 0 1 0 0 0 0/0 13:57 0:39 0:16
Dennis Wideman 0 0 0 -1 2 2 1 0 1 0 0/0 27:21 0:25 4:13
Jamie Lundmark 0 0 0 0 0 1 0 0 0 0 0/0 7:11 0:00 0:00
Josh Gorges 0 0 0 1 2 0 0 1 0 0 0/0 19:05 0:00 2:11
Marek Svatos 0 0 0 -1 0 2 2 2 2 1 0/0 21:35 0:24 2:14
Matt Carle 0 1 1 -1 0 1 0 3 0 0 0/0 14:08 0:39 1:56
Michel Ouellet 0 1 1 0 5 1 0 0 1 0 0/0 12:08 0:00 0:00
Mikael Samuelsson 1 0 1 0 0 1 0 0 0 0 0/0 7:14 0:00 0:00
Mike Ribeiro 0 0 0 -1 2 6 2 1 0 0 17/37 22:42 0:24 3:36
Nicklas Lidstrom 1 0 1 0 2 2 0 3 0 1 0/0 27:31 0:25 4:10
Patrick Marleau 0 0 0 -1 0 1 1 1 0 1 5/11 24:02 0:24 4:55
Radim Vrbata 1 1 2 1 0 3 2 0 0 0 0/0 13:04 0:40 0:00
Riley Cote 0 0 0 0 0 2 1 1 2 1 0/0 13:46 0:00 1:44
Saku Koivu 1 1 2 1 0 2 3 0 1 0 5/10 16:14 0:40 2:14
Sergei Samsonov 0 1 1 1 2 0 1 0 0 0 0/2 14:07 0:40 0:00
Players Stats for Predators
Player Name G A P +/- PIM S H SB GA TA FO MP PP MP PK MP
------------------------------------------------------------------------------------
Alexander Edler 0 0 0 1 0 4 0 2 0 1 0/0 23:13 4:18 0:15
Alexander Ovechkin 2 1 3 -1 0 7 1 1 2 1 2/3 25:21 5:06 0:18
Alexander Steen 0 0 0 0 0 5 1 1 0 1 2/2 18:38 2:28 0:00
Barret Jackman 0 0 0 0 0 0 0 0 0 0 0/0 3:56 0:00 0:00
Brad Boyes 0 0 0 -1 0 2 3 1 0 1 0/1 23:42 5:06 0:00
Danny Richmond 0 1 1 -1 0 4 1 2 2 2 0/0 22:44 3:16 0:49
David Van Der Gulik 0 0 0 0 0 0 0 0 0 0 0/0 4:47 0:00 0:00
Georges Laraque 0 1 1 0 5 0 1 1 0 0 2/2 10:34 0:00 0:18
Joe Thornton 0 3 3 -1 0 5 4 0 0 0 22/42 25:53 5:06 0:46
Josef Vasicek 1 1 2 2 0 5 2 1 0 1 5/8 16:46 2:28 0:00
Kent Huskins 0 1 1 0 0 0 0 2 0 0 0/0 10:07 0:00 0:00
Kris Vernarsky 1 0 1 0 2 2 0 0 0 0 8/12 17:35 0:00 0:00
Michael Grabner 0 0 0 0 0 3 4 0 0 1 0/1 19:37 2:28 0:00
Oleg Saprykin 0 1 1 1 0 2 2 0 0 0 0/0 16:01 0:00 0:46
Oliver Ekman-Larsson 0 0 0 0 0 0 1 0 0 0 0/0 10:07 0:00 0:00
Paul Mara 0 0 0 0 0 0 0 0 0 0 0/0 3:56 0:00 0:00
Robyn Regehr 0 0 0 -1 0 0 0 0 1 0 0/0 22:44 3:16 0:49
Ryan Mcdonagh 1 0 1 1 0 2 2 2 0 1 0/0 23:13 4:18 0:15
3 Stars
1 - Alexander Ovechkin (Nas)
2 - Josef Vasicek (Nas)
3 - Saku Koivu (Mon)
Power Play
Canadiens - 1 on 1 Attempt(s) - 100,00%
Predators - 2 on 5 Attempt(s) - 40,00%
Penalty Kill
Canadiens - 3 on 5 Attempt(s) - 60,00%
- Score 0 goal in Penalty Kill
Predators - 0 on 1 Attempt(s) - 0,00%
- Score 0 goal in Penalty Kill
Official
Referees : McCauley Wes and Dwyer Gord
Linesman : Steve Miller and Mark Pare
Game Notes
Georges Laraque and Michel Ouellet fight to a draw at 18:27 of 3rd period
Finance
Level 1 -- Attendance: 5265 (87,75%) -- Ticket Income 458 055 $
Level 2 -- Attendance: 3604 (72,08%) -- Ticket Income 212 636 $
Level 3 -- Attendance: 1721 (86,05%) -- Ticket Income 56 793 $
Level 4 -- Attendance: 2869 (71,73%) -- Ticket Income 63 118 $
Luxury Box -- Attendance: 797 (79,70%) -- Ticket Income 149 836 $
Game was played at the Wildcat center
Total Attendance: 14256 (79,20%)
Total Ticket Income: 940 438 $
Other Income: 141 066 $
Total Income: 1 081 504 $
Canadiens
5 vs 5 Forward
Center Left Wing Right Wing Time % Phy DF OF
1 Mike Ribeiro Patrick Marleau Marek Svatos 40 1 2 2
2 Saku Koivu Sergei Samsonov Radim Vrbata 30 1 2 2
3 Brooks Laich Riley Cote Michel Ouellet 20 1 2 2
4 Jamie Lundmark Brandon Prust Mikael Samuelsson 10 1 2 2
5 vs 5 Defense
Defense Defense Time % Phy DF OF
1 Dennis Wideman Nicklas Lidstrom 40 1 2 2
2 Brett Clark Josh Gorges 30 1 2 2
3 Craig Rivet Matt Carle 20 1 2 2
4 Dennis Wideman Nicklas Lidstrom 10 1 2 2
PowerPlay Forward
Center Left Wing Right Wing Time % Phy DF OF
1 Mike Ribeiro Patrick Marleau Marek Svatos 60 1 2 2
2 Saku Koivu Sergei Samsonov Radim Vrbata 40 1 2 2
PowerPlay Defense
Defense Defense Time % Phy DF OF
1 Dennis Wideman Nicklas Lidstrom 60 1 2 2
2 Craig Rivet Matt Carle 40 1 2 2
Penalty Kill 4 Players Forward
Center Wing Time % Phy DF OF
1 Patrick Marleau Mike Ribeiro 60 1 2 2
2 Saku Koivu Marek Svatos 40 1 2 2
Penalty Kill 4 Players Defense
Defense Defense Time % Phy DF OF
1 Dennis Wideman Nicklas Lidstrom 60 1 2 2
2 Brett Clark Josh Gorges 40 1 2 2
Penalty Kill - 3 Players Forward
Forward Time % Phy DF OF
1 Patrick Marleau 60 1 2 2
2 Mike Ribeiro 40 1 2 2
Penalty Kill - 3 Players Defense
Defense Defense Time % Phy DF OF
1 Dennis Wideman Nicklas Lidstrom 60 1 2 2
2 Brett Clark Josh Gorges 40 1 2 2
4 vs 4 Forward
Center Wing Time % Phy DF OF
1 Patrick Marleau Mike Ribeiro 60 1 2 2
2 Saku Koivu Marek Svatos 40 1 2 2
4 vs 4 Defense
Defense Defense Time % Phy DF OF
1 Dennis Wideman Nicklas Lidstrom 60 1 2 2
2 Brett Clark Josh Gorges 40 1 2 2
Last Minutes Offensive
Center Left Wing Right Wing Defense Defense
Mike Ribeiro Patrick Marleau Marek Svatos Dennis Wideman Nicklas Lidstrom
Last Minutes Defensive
Center Left Wing Right Wing Defense Defense
Mike Ribeiro Patrick Marleau Marek Svatos Dennis Wideman Nicklas Lidstrom
Goaltenders
Starting : Jaroslav Halak
Backup : Miika Kiprusoff
Extra Forwards
Normal : Brooks Laich, Michel Ouellet, Riley Cote - PP : Brooks Laich, Michel Ouellet - PK : Riley Cote
Extra Defensemen
Normal : Craig Rivet, Matt Carle, Brett Clark - PP : Craig Rivet - PK : Matt Carle, Brett Clark
Penalty Shots
Patrick Marleau, Mike Ribeiro, Saku Koivu, Marek Svatos, Sergei Samsonov
Predators
5 vs 5 Forward
Center Left Wing Right Wing Time % Phy DF OF
1 Joe Thornton Alexander Ovechkin Brad Boyes 40 1 2 2
2 Kris Vernarsky Alexander Steen Michael Grabner 30 1 2 2
3 Josef Vasicek Oleg Saprykin Georges Laraque 20 1 2 2
4 Josef Vasicek Oleg Saprykin David Van Der Gulik 10 1 2 2
5 vs 5 Defense
Defense Defense Time % Phy DF OF
1 Ryan Mcdonagh Alexander Edler 35 1 2 2
2 Danny Richmond Robyn Regehr 35 1 2 2
3 Oliver Ekman-Larsson Kent Huskins 20 1 2 2
4 Barret Jackman Paul Mara 10 1 2 2
PowerPlay Forward
Center Left Wing Right Wing Time % Phy DF OF
1 Joe Thornton Alexander Ovechkin Brad Boyes 60 1 2 2
2 Josef Vasicek Alexander Steen Michael Grabner 40 1 2 2
PowerPlay Defense
Defense Defense Time % Phy DF OF
1 Ryan Mcdonagh Alexander Edler 50 1 2 2
2 Danny Richmond Robyn Regehr 50 1 2 2
Penalty Kill 4 Players Forward
Center Wing Time % Phy DF OF
1 Alexander Ovechkin Georges Laraque 50 1 2 2
2 Joe Thornton Oleg Saprykin 50 1 2 2
Penalty Kill 4 Players Defense
Defense Defense Time % Phy DF OF
1 Ryan Mcdonagh Alexander Edler 50 1 2 2
2 Danny Richmond Robyn Regehr 50 1 2 2
Penalty Kill - 3 Players Forward
Forward Time % Phy DF OF
1 Alexander Ovechkin 50 1 2 2
2 Joe Thornton 50 1 2 2
Penalty Kill - 3 Players Defense
Defense Defense Time % Phy DF OF
1 Ryan Mcdonagh Alexander Edler 50 1 2 2
2 Danny Richmond Robyn Regehr 50 1 2 2
4 vs 4 Forward
Center Wing Time % Phy DF OF
1 Alexander Ovechkin Brad Boyes 50 1 2 2
2 Joe Thornton Alexander Steen 50 1 2 2
4 vs 4 Defense
Defense Defense Time % Phy DF OF
1 Ryan Mcdonagh Alexander Edler 50 1 2 2
2 Danny Richmond Robyn Regehr 50 1 2 2
Last Minutes Offensive
Center Left Wing Right Wing Defense Defense
Joe Thornton Alexander Ovechkin Brad Boyes Danny Richmond Alexander Edler
Last Minutes Defensive
Center Left Wing Right Wing Defense Defense
Joe Thornton Alexander Ovechkin Georges Laraque Ryan Mcdonagh Alexander Edler
Goaltenders
Starting : Kari Lehtonen
Backup : Steve Mason
Extra Forwards
Normal : Kris Vernarsky, Oleg Saprykin, Michael Grabner - PP : Kris Vernarsky, Oleg Saprykin - PK : Michael Grabner
Extra Defensemen
Normal : Barret Jackman, Kent Huskins, Paul Mara - PP : Barret Jackman - PK : Kent Huskins, Paul Mara
Penalty Shots
Alexander Ovechkin, Joe Thornton, Michael Grabner, Alexander Steen, Brad Boyes
% Time on Ice - Canadiens
Lines # - Real PCT - Wanted PCT - Time Play
Normal Forward
1 - 36% - 40% - 18:14
2 - 27% - 30% - 13:31
3 - 23% - 20% - 11:57
4 - 14% - 10% - 7:11
Normal Defense
1 - 39% - 40% - 20:02
2 - 33% - 30% - 16:55
3 - 22% - 20% - 11:04
4 - 6% - 10% - 2:52
PP Forward
1 - 38% - 60% - 0:24
2 - 63% - 40% - 0:40
PP Defense
1 - 39% - 60% - 0:25
2 - 61% - 40% - 0:39
PK Forward
1 - 70% - 60% - 5:20
2 - 30% - 40% - 2:14
PK Defense
1 - 71% - 60% - 5:23
2 - 29% - 40% - 2:11
PK3 Forward
1 - 0% - 60%
2 - 0% - 40%
PK3 Defense
1 - 0% - 60%
2 - 0% - 40%
44 Forward
1 - 0% - 60%
2 - 0% - 40%
44 Defense
1 - 0% - 60%
2 - 0% - 40%
Last Minute Offensive - 0:29
Last Minute Defensive - 0:00
Total
Forward - 60:00
Defense - 60:00
|
% Time on Ice - Predators
Lines # - Real PCT - Wanted PCT - Time Play
Normal Forward
1 - 37% - 40% - 18:36
2 - 32% - 30% - 16:10
3 - 22% - 20% - 10:50
4 - 9% - 10% - 4:47
Normal Defense
1 - 36% - 35% - 18:11
2 - 37% - 35% - 18:39
3 - 19% - 20% - 9:37
4 - 8% - 10% - 3:56
PP Forward
1 - 67% - 60% - 5:06
2 - 33% - 40% - 2:28
PP Defense
1 - 57% - 50% - 4:18
2 - 43% - 50% - 3:16
PK Forward
1 - 28% - 50% - 0:18
2 - 72% - 50% - 0:46
PK Defense
1 - 23% - 50% - 0:15
2 - 77% - 50% - 0:49
PK3 Forward
1 - 0% - 50%
2 - 0% - 50%
PK3 Defense
1 - 0% - 50%
2 - 0% - 50%
44 Forward
1 - 0% - 50%
2 - 0% - 50%
44 Defense
1 - 0% - 50%
2 - 0% - 50%
Last Minute Offensive - 0:00
Last Minute Defensive - 0:59
Total
Forward - 60:00
Defense - 60:00
|
Play by Play
1st period
0:01 of 1st period - Mike Ribeiro wins face-off versus Joe Thornton in neutral zone.
0:03 of 1st period - Off-side.
0:04 of 1st period - Mike Ribeiro wins face-off versus Joe Thornton in neutral zone.
0:27 of 1st period - Minor Penalty to Nicklas Lidstrom for Interference.
0:28 of 1st period - Patrick Marleau wins face-off versus Joe Thornton in Canadiens zone.
0:43 of 1st period - Wrist shot by Alexander Ovechkin.
0:43 of 1st period - Stopped by Jaroslav Halak with a rebound.
2:27 of 1st period - Penalty to Nicklas Lidstrom is over, Nicklas Lidstrom is back on ice.
2:46 of 1st period - Icing by Craig Rivet.
2:47 of 1st period - Brooks Laich wins face-off versus Josef Vasicek in Canadiens zone.
4:50 of 1st period - Minor Penalty to Sergei Samsonov for Hooking.
4:51 of 1st period - Patrick Marleau wins face-off versus Alexander Ovechkin in Canadiens zone.
5:24 of 1st period - Backhand shot by Alexander Steen.
5:24 of 1st period - Shot Misses the Net.
5:26 of 1st period - Wrist shot by Danny Richmond.
5:26 of 1st period - Stopped by Jaroslav Halak without a rebound.
5:27 of 1st period - Saku Koivu wins face-off versus Joe Thornton in Canadiens zone.
6:02 of 1st period - Slapshot by Alexander Edler.
6:02 of 1st period - Stopped by Jaroslav Halak without a rebound.
6:03 of 1st period - Joe Thornton wins face-off versus Saku Koivu in Canadiens zone.
6:10 of 1st period - Wrist shot by Alexander Ovechkin.
6:10 of 1st period - Stopped by Jaroslav Halak without a rebound.
6:11 of 1st period - Joe Thornton wins face-off versus Patrick Marleau in Canadiens zone.
6:14 of 1st period - Slapshot by Joe Thornton.
6:14 of 1st period - Stopped by Jaroslav Halak without a rebound.
6:15 of 1st period - Patrick Marleau wins face-off versus Joe Thornton in Canadiens zone.
6:50 of 1st period - Penalty to Sergei Samsonov is over, Sergei Samsonov is back on ice.
6:54 of 1st period - Snap shot by Josef Vasicek.
6:54 of 1st period - Stopped by Jaroslav Halak with a rebound.
6:56 of 1st period - Snap shot by Alexander Steen.
6:56 of 1st period - Shot Misses the Net.
7:08 of 1st period - Marek Svatos is hit by Oleg Saprykin.
7:30 of 1st period - Joe Thornton is hit by Marek Svatos and loses puck.
8:01 of 1st period - Slapshot by Dennis Wideman.
8:01 of 1st period - Stopped by Kari Lehtonen with a rebound.
9:47 of 1st period - Michael Grabner is hit by Radim Vrbata and loses puck.
11:11 of 1st period - Minor Penalty to Kris Vernarsky for Charging.
11:12 of 1st period - Alexander Ovechkin wins face-off versus Mike Ribeiro in Predators zone.
11:19 of 1st period - Wrist shot by Alexander Edler.
11:19 of 1st period - Shot Blocked by Marek Svatos.
11:45 of 1st period - Off-side.
11:46 of 1st period - Joe Thornton wins face-off versus Sergei Samsonov in neutral zone.
12:04 of 1st period - Danny Richmond is hit by Dennis Wideman and loses puck.
12:13 of 1st period - Snap shot by Radim Vrbata.
12:13 of 1st period - Shot Blocked by Danny Richmond.
12:15 of 1st period - Wrist shot by Saku Koivu.
12:15 of 1st period - Goal by Saku Koivu - Canadiens : 1 - Predators : 0.
12:16 of 1st period - Joe Thornton wins face-off versus Mike Ribeiro in neutral zone.
12:41 of 1st period - Michael Grabner is hit by Sergei Samsonov and loses puck.
12:53 of 1st period - Off-side.
12:54 of 1st period - Joe Thornton wins face-off versus Brooks Laich in neutral zone.
13:42 of 1st period - Sergei Samsonov is hit by Oleg Saprykin and loses puck.
13:47 of 1st period - Snap shot by Oleg Saprykin.
13:47 of 1st period - Deflect By Josef Vasicek.
13:47 of 1st period - Shot Blocked by Josh Gorges.
13:47 of 1st period - Puck is out of play.
13:48 of 1st period - Mike Ribeiro wins face-off versus Joe Thornton in Canadiens zone.
14:58 of 1st period - Brooks Laich is hit by Josef Vasicek and loses puck.
15:15 of 1st period - Snap shot by Michel Ouellet.
15:15 of 1st period - Shot Blocked by Josef Vasicek.
15:17 of 1st period - Slapshot by Nicklas Lidstrom.
15:17 of 1st period - Stopped by Kari Lehtonen without a rebound.
15:18 of 1st period - Mike Ribeiro wins face-off versus Joe Thornton in Predators zone.
15:19 of 1st period - Snap shot by Patrick Marleau.
15:19 of 1st period - Stopped by Kari Lehtonen with a rebound.
15:48 of 1st period - Wrist shot by Saku Koivu.
15:48 of 1st period - Stopped by Kari Lehtonen with a rebound.
16:16 of 1st period - Slapshot by Joe Thornton.
16:16 of 1st period - Shot Misses the Net.
16:31 of 1st period - Icing by Craig Rivet.
16:32 of 1st period - Mike Ribeiro wins face-off versus Joe Thornton in Canadiens zone.
18:19 of 1st period - Michel Ouellet is hit by Brad Boyes and loses puck.
18:53 of 1st period - Kris Vernarsky is hit by Saku Koivu and loses puck.
19:23 of 1st period - Joe Thornton is hit by Craig Rivet and loses puck.
19:40 of 1st period - Alexander Edler is hit by Mike Ribeiro and loses puck.
19:45 of 1st period - Snap shot by Patrick Marleau.
19:45 of 1st period - Deflect By Marek Svatos.
19:45 of 1st period - Shot Blocked by Ryan Mcdonagh.
19:45 of 1st period - Puck is out of play.
19:46 of 1st period - Josef Vasicek wins face-off versus Mike Ribeiro in Predators zone.
19:53 of 1st period - Slapshot by Marek Svatos.
19:53 of 1st period - Stopped by Kari Lehtonen with a rebound.
Goals for this period are 1 for Canadiens vs 0 for Predators.
Shots for this period are 6 for Canadiens vs 6 for Predators.
2nd period
0:01 of 2nd period - Alexander Ovechkin wins face-off versus Mike Ribeiro in neutral zone.
0:26 of 2nd period - Robyn Regehr is hit by Saku Koivu and loses puck.
0:53 of 2nd period - Backhand shot by Dennis Wideman.
0:53 of 2nd period - Stopped by Kari Lehtonen without a rebound.
0:54 of 2nd period - Brooks Laich wins face-off versus Joe Thornton in Predators zone.
1:25 of 2nd period - Wrist shot by Brooks Laich.
1:25 of 2nd period - Stopped by Kari Lehtonen without a rebound.
1:26 of 2nd period - Kris Vernarsky wins face-off versus Mike Ribeiro in Predators zone.
1:34 of 2nd period - Matt Carle is hit by Ryan Mcdonagh and loses puck.
2:03 of 2nd period - Matt Carle is hit by Georges Laraque and loses puck.
2:24 of 2nd period - Wrist shot by Joe Thornton.
2:24 of 2nd period - Deflect By Brad Boyes.
2:24 of 2nd period - Shot Misses the Net.
2:24 of 2nd period - Puck is out of play.
2:25 of 2nd period - Kris Vernarsky wins face-off versus Mike Ribeiro in Canadiens zone.
2:32 of 2nd period - Alexander Steen is hit by Mike Ribeiro and loses puck.
2:41 of 2nd period - Wrist shot by Michael Grabner.
2:41 of 2nd period - Stopped by Jaroslav Halak with a rebound.
3:16 of 2nd period - Snap shot by Josef Vasicek.
3:16 of 2nd period - Shot Blocked by Brett Clark.
3:51 of 2nd period - Icing by Brett Clark.
3:52 of 2nd period - Joe Thornton wins face-off versus Mike Ribeiro in Canadiens zone.
4:21 of 2nd period - Slapshot by Brooks Laich.
4:21 of 2nd period - Shot Misses the Net.
4:23 of 2nd period - Snap shot by Riley Cote.
4:23 of 2nd period - Stopped by Kari Lehtonen with a rebound.
4:25 of 2nd period - Snap shot by Brooks Laich.
4:25 of 2nd period - Shot Blocked by Alexander Ovechkin.
4:27 of 2nd period - Wrist shot by Brooks Laich.
4:27 of 2nd period - Stopped by Kari Lehtonen without a rebound.
4:28 of 2nd period - Kris Vernarsky wins face-off versus Mike Ribeiro in Predators zone.
4:30 of 2nd period - Icing by Alexander Steen.
4:31 of 2nd period - Kris Vernarsky wins face-off versus Patrick Marleau in Predators zone.
5:40 of 2nd period - Alexander Steen is hit by Patrick Marleau and loses puck.
5:59 of 2nd period - Matt Carle is hit by Joe Thornton and loses puck.
6:16 of 2nd period - Snap shot by Saku Koivu.
6:16 of 2nd period - Shot Misses the Net.
6:18 of 2nd period - Wrist shot by Matt Carle.
6:18 of 2nd period - Stopped by Kari Lehtonen with a rebound.
6:20 of 2nd period - Wrist shot by Saku Koivu.
6:20 of 2nd period - Shot Hit the Post.
6:22 of 2nd period - Slapshot by Radim Vrbata.
6:22 of 2nd period - Stopped by Kari Lehtonen with a rebound.
6:24 of 2nd period - Slapshot by Matt Carle.
6:24 of 2nd period - Deflect By Radim Vrbata.
6:24 of 2nd period - Stopped by Kari Lehtonen with a rebound.
6:53 of 2nd period - Brooks Laich is hit by Joe Thornton.
7:32 of 2nd period - Icing by Dennis Wideman.
7:33 of 2nd period - Georges Laraque wins face-off versus Mike Ribeiro in Canadiens zone.
7:40 of 2nd period - Snap shot by Oleg Saprykin.
7:40 of 2nd period - Shot Misses the Net.
7:48 of 2nd period - Snap shot by Mike Ribeiro.
7:48 of 2nd period - Stopped by Kari Lehtonen with a rebound.
8:00 of 2nd period - Slapshot by Radim Vrbata.
8:00 of 2nd period - Goal by Radim Vrbata - Canadiens : 2 - Predators : 0.
8:01 of 2nd period - Joe Thornton wins face-off versus Mike Ribeiro in neutral zone.
8:19 of 2nd period - Icing by Ryan Mcdonagh.
8:20 of 2nd period - Saku Koivu wins face-off versus Joe Thornton in Predators zone.
8:25 of 2nd period - Snap shot by Saku Koivu.
8:25 of 2nd period - Shot Misses the Net.
8:31 of 2nd period - Slapshot by Alexander Edler.
8:31 of 2nd period - Deflect By Nicklas Lidstrom.
8:31 of 2nd period - Stopped by Jaroslav Halak without a rebound.
8:32 of 2nd period - Alexander Steen wins face-off versus Mike Ribeiro in Canadiens zone.
8:57 of 2nd period - Nicklas Lidstrom is hit by Brad Boyes and loses puck.
9:30 of 2nd period - Robyn Regehr is hit by Riley Cote and loses puck.
10:42 of 2nd period - Slapshot by Marek Svatos.
10:42 of 2nd period - Deflect By Patrick Marleau.
10:42 of 2nd period - Shot Misses the Net.
10:42 of 2nd period - Puck is out of play.
10:43 of 2nd period - Mike Ribeiro wins face-off versus Joe Thornton in Predators zone.
10:48 of 2nd period - Snap shot by Mike Ribeiro.
10:48 of 2nd period - Stopped by Kari Lehtonen with a rebound.
11:31 of 2nd period - Wrist shot by Riley Cote.
11:31 of 2nd period - Stopped by Kari Lehtonen without a rebound.
11:32 of 2nd period - Georges Laraque wins face-off versus Brooks Laich in Predators zone.
11:37 of 2nd period - Slapshot by Danny Richmond.
11:37 of 2nd period - Shot Misses the Net.
11:43 of 2nd period - Georges Laraque is hit by Brett Clark and loses puck.
12:00 of 2nd period - Slapshot by Brooks Laich.
12:00 of 2nd period - Shot Blocked by Georges Laraque.
12:29 of 2nd period - Slapshot by Josef Vasicek.
12:29 of 2nd period - Shot Blocked by Matt Carle.
12:45 of 2nd period - Snap shot by Josef Vasicek.
12:45 of 2nd period - Stopped by Jaroslav Halak with a rebound.
12:47 of 2nd period - Slapshot by Oliver Ekman-Larsson.
12:47 of 2nd period - Shot Blocked by Matt Carle.
12:49 of 2nd period - Wrist shot by Kent Huskins.
12:49 of 2nd period - Shot Blocked by Matt Carle.
12:55 of 2nd period - Slapshot by Josef Vasicek.
12:55 of 2nd period - Goal by Josef Vasicek - Canadiens : 2 - Predators : 1.
12:56 of 2nd period - Mike Ribeiro wins face-off versus Joe Thornton in neutral zone.
13:23 of 2nd period - Saku Koivu is hit by Michael Grabner and loses puck.
13:30 of 2nd period - Slapshot by Kris Vernarsky.
13:30 of 2nd period - Stopped by Jaroslav Halak without a rebound.
13:31 of 2nd period - Mike Ribeiro wins face-off versus Kris Vernarsky in Canadiens zone.
13:44 of 2nd period - Marek Svatos is hit by Michael Grabner and loses puck.
13:58 of 2nd period - Off-side.
13:59 of 2nd period - Saku Koivu wins face-off versus Joe Thornton in neutral zone.
15:44 of 2nd period - Slapshot by Josef Vasicek.
15:44 of 2nd period - Stopped by Jaroslav Halak with a rebound.
16:09 of 2nd period - Slapshot by Brett Clark.
16:09 of 2nd period - Stopped by Kari Lehtonen without a rebound.
16:10 of 2nd period - Joe Thornton wins face-off versus Mike Ribeiro in Predators zone.
16:21 of 2nd period - Wrist shot by Alexander Ovechkin.
16:21 of 2nd period - Stopped by Jaroslav Halak with a rebound.
16:44 of 2nd period - Snap shot by Alexander Ovechkin.
16:44 of 2nd period - Goal by Alexander Ovechkin - Canadiens : 2 - Predators : 2.
16:45 of 2nd period - Kris Vernarsky wins face-off versus Mike Ribeiro in neutral zone.
16:52 of 2nd period - Slapshot by Alexander Edler.
16:52 of 2nd period - Stopped by Jaroslav Halak with a rebound.
16:54 of 2nd period - Snap shot by Michael Grabner.
16:54 of 2nd period - Deflect By Nicklas Lidstrom.
16:54 of 2nd period - Shot Misses the Net.
16:54 of 2nd period - Puck is out of play.
16:55 of 2nd period - Mike Ribeiro wins face-off versus Michael Grabner in Canadiens zone.
16:55 of 2nd period - Mike Ribeiro is hit by Alexander Steen.
17:13 of 2nd period - Slapshot by Alexander Steen.
17:13 of 2nd period - Stopped by Jaroslav Halak with a rebound.
17:15 of 2nd period - Wrist shot by Kris Vernarsky.
17:15 of 2nd period - Shot Misses the Net.
17:17 of 2nd period - Wrist shot by Alexander Steen.
17:17 of 2nd period - Stopped by Jaroslav Halak without a rebound.
17:18 of 2nd period - Joe Thornton wins face-off versus Sergei Samsonov in Canadiens zone.
17:21 of 2nd period - Wrist shot by Alexander Ovechkin.
17:21 of 2nd period - Deflect By Joe Thornton.
17:21 of 2nd period - Shot Misses the Net.
17:21 of 2nd period - Puck is out of play.
17:22 of 2nd period - Joe Thornton wins face-off versus Saku Koivu in Canadiens zone.
17:27 of 2nd period - Slapshot by Joe Thornton.
17:27 of 2nd period - Stopped by Jaroslav Halak with a rebound.
17:29 of 2nd period - Slapshot by Joe Thornton.
17:29 of 2nd period - Stopped by Jaroslav Halak with a rebound.
17:31 of 2nd period - Slapshot by Alexander Ovechkin.
17:31 of 2nd period - Stopped by Jaroslav Halak with a rebound.
17:33 of 2nd period - Wrist shot by Joe Thornton.
17:33 of 2nd period - Stopped by Jaroslav Halak with a rebound.
17:39 of 2nd period - Slapshot by Brad Boyes.
17:39 of 2nd period - Stopped by Jaroslav Halak with a rebound.
17:45 of 2nd period - Minor Penalty to Josh Gorges for Hooking.
17:46 of 2nd period - Joe Thornton wins face-off versus Patrick Marleau in Canadiens zone.
17:51 of 2nd period - Wrist shot by Joe Thornton.
17:51 of 2nd period - Shot Misses the Net.
17:55 of 2nd period - Snap shot by Alexander Ovechkin.
17:55 of 2nd period - Shot Misses the Net.
17:57 of 2nd period - Slapshot by Danny Richmond.
17:57 of 2nd period - Shot Blocked by Nicklas Lidstrom.
17:59 of 2nd period - Snap shot by Danny Richmond.
17:59 of 2nd period - Stopped by Jaroslav Halak with a rebound.
18:01 of 2nd period - Wrist shot by Joe Thornton.
18:01 of 2nd period - Shot Misses the Net.
18:03 of 2nd period - Slapshot by Alexander Ovechkin.
18:03 of 2nd period - Goal by Alexander Ovechkin - Canadiens : 2 - Predators : 3.
18:04 of 2nd period - Joe Thornton wins face-off versus Mike Ribeiro in neutral zone.
18:38 of 2nd period - Slapshot by Alexander Edler.
18:38 of 2nd period - Stopped by Jaroslav Halak without a rebound.
18:39 of 2nd period - Joe Thornton wins face-off versus Mike Ribeiro in Canadiens zone.
19:45 of 2nd period - Jamie Lundmark is hit by Joe Thornton.
19:53 of 2nd period - Wrist shot by Brandon Prust.
19:53 of 2nd period - Shot Misses the Net.
19:55 of 2nd period - Slapshot by Brett Clark.
19:55 of 2nd period - Stopped by Kari Lehtonen with a rebound.
19:57 of 2nd period - Slapshot by Josh Gorges.
19:57 of 2nd period - Shot Blocked by Kent Huskins.
19:59 of 2nd period - Slapshot by Josh Gorges.
19:59 of 2nd period - Shot Blocked by Brad Boyes.
Goals for this period are 1 for Canadiens vs 3 for Predators.
Shots for this period are 13 for Canadiens vs 19 for Predators.
3rd period
0:01 of 3rd period - Mike Ribeiro wins face-off versus Brad Boyes in neutral zone.
0:14 of 3rd period - Dennis Wideman is hit by Joe Thornton and loses puck.
0:27 of 3rd period - Radim Vrbata is hit by Ryan Mcdonagh and loses puck.
0:53 of 3rd period - Snap shot by Michael Grabner.
0:53 of 3rd period - Shot Misses the Net.
0:55 of 3rd period - Snap shot by Alexander Steen.
0:55 of 3rd period - Stopped by Jaroslav Halak with a rebound.
0:57 of 3rd period - Wrist shot by Kris Vernarsky.
0:57 of 3rd period - Shot Misses the Net.
0:59 of 3rd period - Snap shot by Alexander Steen.
0:59 of 3rd period - Shot Misses the Net.
1:01 of 3rd period - Snap shot by Michael Grabner.
1:01 of 3rd period - Stopped by Jaroslav Halak with a rebound.
1:03 of 3rd period - Snap shot by Alexander Steen.
1:03 of 3rd period - Shot Misses the Net.
1:18 of 3rd period - Snap shot by Alexander Steen.
1:18 of 3rd period - Stopped by Jaroslav Halak without a rebound.
1:19 of 3rd period - Mike Ribeiro wins face-off versus Joe Thornton in Canadiens zone.
1:25 of 3rd period - Minor Penalty to Dennis Wideman for Roughing.
1:26 of 3rd period - Patrick Marleau wins face-off versus Joe Thornton in Canadiens zone.
1:26 of 3rd period - Patrick Marleau is hit by Danny Richmond.
1:41 of 3rd period - Backhand shot by Alexander Ovechkin.
1:41 of 3rd period - Stopped by Jaroslav Halak with a rebound.
1:43 of 3rd period - Slapshot by Danny Richmond.
1:43 of 3rd period - Stopped by Jaroslav Halak without a rebound.
1:44 of 3rd period - Josef Vasicek wins face-off versus Patrick Marleau in Canadiens zone.
3:06 of 3rd period - Brett Clark is hit by Michael Grabner and loses puck.
3:25 of 3rd period - Penalty to Dennis Wideman is over, Dennis Wideman is back on ice.
3:35 of 3rd period - Wrist shot by David Van Der Gulik.
3:35 of 3rd period - Shot Blocked by Patrick Marleau.
3:55 of 3rd period - Snap shot by Brooks Laich.
3:55 of 3rd period - Shot Misses the Net.
3:57 of 3rd period - Slapshot by Nicklas Lidstrom.
3:57 of 3rd period - Goal by Nicklas Lidstrom - Canadiens : 3 - Predators : 3.
3:58 of 3rd period - Joe Thornton wins face-off versus Saku Koivu in neutral zone.
5:06 of 3rd period - Slapshot by Josh Gorges.
5:06 of 3rd period - Deflect By Mike Ribeiro.
5:06 of 3rd period - Shot Misses the Net.
5:06 of 3rd period - Puck is out of play.
5:07 of 3rd period - Mike Ribeiro wins face-off versus Joe Thornton in Predators zone.
5:08 of 3rd period - Wrist shot by Marek Svatos.
5:08 of 3rd period - Shot Blocked by Kent Huskins.
6:03 of 3rd period - Slapshot by Joe Thornton.
6:03 of 3rd period - Shot Blocked by Nicklas Lidstrom.
6:05 of 3rd period - Slapshot by Danny Richmond.
6:05 of 3rd period - Stopped by Jaroslav Halak without a rebound.
6:06 of 3rd period - Saku Koivu wins face-off versus Kris Vernarsky in Canadiens zone.
6:11 of 3rd period - Robyn Regehr is hit by Saku Koivu and loses puck.
8:11 of 3rd period - Barret Jackman is hit by Radim Vrbata and loses puck.
8:34 of 3rd period - Brett Clark is hit by Alexander Ovechkin and loses puck.
8:45 of 3rd period - Kris Vernarsky is hit by Marek Svatos.
9:21 of 3rd period - Slapshot by Nicklas Lidstrom.
9:21 of 3rd period - Shot Blocked by Alexander Edler.
9:23 of 3rd period - Slapshot by Brooks Laich.
9:23 of 3rd period - Shot Misses the Net.
9:53 of 3rd period - Georges Laraque is hit by Brett Clark.
10:08 of 3rd period - Snap shot by Jamie Lundmark.
10:08 of 3rd period - Stopped by Kari Lehtonen with a rebound.
10:10 of 3rd period - Slapshot by Brandon Prust.
10:10 of 3rd period - Stopped by Kari Lehtonen without a rebound.
10:11 of 3rd period - Joe Thornton wins face-off versus Mike Ribeiro in Predators zone.
11:15 of 3rd period - Snap shot by Mikael Samuelsson.
11:15 of 3rd period - Goal by Mikael Samuelsson - Canadiens : 4 - Predators : 3.
11:16 of 3rd period - Joe Thornton wins face-off versus Mike Ribeiro in neutral zone.
11:24 of 3rd period - Off-side.
11:25 of 3rd period - Joe Thornton wins face-off versus Mike Ribeiro in neutral zone.
11:45 of 3rd period - Icing by Marek Svatos.
11:46 of 3rd period - Mike Ribeiro wins face-off versus Kris Vernarsky in Canadiens zone.
11:53 of 3rd period - Slapshot by Patrick Marleau.
11:53 of 3rd period - Shot Blocked by Alexander Edler.
12:20 of 3rd period - Snap shot by Alexander Ovechkin.
12:20 of 3rd period - Deflect By Brad Boyes.
12:20 of 3rd period - Stopped by Jaroslav Halak without a rebound.
12:21 of 3rd period - Kris Vernarsky wins face-off versus Brooks Laich in Canadiens zone.
12:28 of 3rd period - Wrist shot by Alexander Steen.
12:28 of 3rd period - Stopped by Jaroslav Halak without a rebound.
12:29 of 3rd period - Kris Vernarsky wins face-off versus Brooks Laich in Canadiens zone.
12:30 of 3rd period - Wrist shot by Michael Grabner.
12:30 of 3rd period - Stopped by Jaroslav Halak with a rebound.
12:33 of 3rd period - Icing by Nicklas Lidstrom.
12:34 of 3rd period - Brooks Laich wins face-off versus Joe Thornton in Canadiens zone.
12:36 of 3rd period - Icing by Michel Ouellet.
12:37 of 3rd period - Joe Thornton wins face-off versus Brooks Laich in Canadiens zone.
13:06 of 3rd period - Snap shot by Oleg Saprykin.
13:06 of 3rd period - Stopped by Jaroslav Halak without a rebound.
13:07 of 3rd period - Mike Ribeiro wins face-off versus Joe Thornton in Canadiens zone.
13:09 of 3rd period - Minor Penalty to Mike Ribeiro for Hooking.
13:10 of 3rd period - Joe Thornton wins face-off versus Patrick Marleau in Canadiens zone.
13:16 of 3rd period - Snap shot by Alexander Ovechkin.
13:16 of 3rd period - Shot Misses the Net.
13:18 of 3rd period - Slapshot by Ryan Mcdonagh.
13:18 of 3rd period - Deflect By Nicklas Lidstrom.
13:18 of 3rd period - Stopped by Jaroslav Halak without a rebound.
13:19 of 3rd period - Joe Thornton wins face-off versus Patrick Marleau in Canadiens zone.
13:36 of 3rd period - Wrist shot by Brad Boyes.
13:36 of 3rd period - Shot Blocked by Riley Cote.
13:38 of 3rd period - Wrist shot by Alexander Edler.
13:38 of 3rd period - Shot Blocked by Nicklas Lidstrom.
13:40 of 3rd period - Wrist shot by Joe Thornton.
13:40 of 3rd period - Stopped by Jaroslav Halak with a rebound.
14:26 of 3rd period - Slapshot by Joe Thornton.
14:26 of 3rd period - Shot Misses the Net.
14:28 of 3rd period - Slapshot by Ryan Mcdonagh.
14:28 of 3rd period - Goal by Ryan Mcdonagh - Canadiens : 4 - Predators : 4.
14:29 of 3rd period - Saku Koivu wins face-off versus Kris Vernarsky in neutral zone.
14:31 of 3rd period - Off-side.
14:32 of 3rd period - Alexander Steen wins face-off versus Saku Koivu in neutral zone.
14:57 of 3rd period - Off-side.
14:58 of 3rd period - Mike Ribeiro wins face-off versus Joe Thornton in neutral zone.
15:24 of 3rd period - Saku Koivu is hit by Josef Vasicek and loses puck.
15:40 of 3rd period - Icing by Josef Vasicek.
15:41 of 3rd period - Kris Vernarsky wins face-off versus Brooks Laich in Predators zone.
15:52 of 3rd period - Josh Gorges is hit by Michael Grabner and loses puck.
16:06 of 3rd period - Off-side.
16:07 of 3rd period - Mike Ribeiro wins face-off versus Josef Vasicek in neutral zone.
16:10 of 3rd period - Snap shot by Patrick Marleau.
16:10 of 3rd period - Shot Misses the Net.
16:21 of 3rd period - Icing by Dennis Wideman.
16:22 of 3rd period - Patrick Marleau wins face-off versus Joe Thornton in Canadiens zone.
16:22 of 3rd period - Patrick Marleau is hit by Brad Boyes.
16:36 of 3rd period - Slapshot by Danny Richmond.
16:36 of 3rd period - Shot Misses the Net.
16:38 of 3rd period - Wrist shot by Brad Boyes.
16:38 of 3rd period - Shot Blocked by Marek Svatos.
16:55 of 3rd period - Wrist shot by Mike Ribeiro.
16:55 of 3rd period - Stopped by Kari Lehtonen with a rebound.
16:57 of 3rd period - Snap shot by Mike Ribeiro.
16:57 of 3rd period - Stopped by Kari Lehtonen with a rebound.
16:59 of 3rd period - Slapshot by Brett Clark.
16:59 of 3rd period - Shot Blocked by Danny Richmond.
17:13 of 3rd period - Snap shot by Mike Ribeiro.
17:13 of 3rd period - Stopped by Kari Lehtonen with a rebound.
17:15 of 3rd period - Snap shot by Marek Svatos.
17:15 of 3rd period - Shot Misses the Net.
17:17 of 3rd period - Snap shot by Patrick Marleau.
17:17 of 3rd period - Shot Misses the Net.
17:19 of 3rd period - Slapshot by Craig Rivet.
17:19 of 3rd period - Shot Blocked by Alexander Steen.
17:21 of 3rd period - Snap shot by Marek Svatos.
17:21 of 3rd period - Shot Misses the Net.
17:23 of 3rd period - Slapshot by Matt Carle.
17:23 of 3rd period - Shot Misses the Net.
17:43 of 3rd period - Slapshot by Marek Svatos.
17:43 of 3rd period - Stopped by Kari Lehtonen without a rebound.
17:44 of 3rd period - Josef Vasicek wins face-off versus Brooks Laich in Predators zone.
17:57 of 3rd period - Slapshot by Brooks Laich.
17:57 of 3rd period - Stopped by Kari Lehtonen with a rebound.
17:59 of 3rd period - Slapshot by Michel Ouellet.
17:59 of 3rd period - Stopped by Kari Lehtonen without a rebound.
18:00 of 3rd period - Joe Thornton wins face-off versus Saku Koivu in Predators zone.
18:12 of 3rd period - Off-side.
18:13 of 3rd period - Josef Vasicek wins face-off versus Brooks Laich in neutral zone.
18:27 of 3rd period - Georges Laraque and Michel Ouellet fight to a draw.
18:27 of 3rd period - Penalty to Georges Laraque for Fighting.
18:27 of 3rd period - Penalty to Michel Ouellet for Fighting.
18:28 of 3rd period - Josef Vasicek wins face-off versus Mike Ribeiro in Canadiens zone.
18:31 of 3rd period - Snap shot by Josef Vasicek.
18:31 of 3rd period - Shot Misses the Net.
18:33 of 3rd period - Slapshot by Oleg Saprykin.
18:33 of 3rd period - Stopped by Jaroslav Halak with a rebound.
18:39 of 3rd period - Snap shot by Josef Vasicek.
18:39 of 3rd period - Stopped by Jaroslav Halak with a rebound.
18:41 of 3rd period - Wrist shot by Kris Vernarsky.
18:41 of 3rd period - Goal by Kris Vernarsky - Canadiens : 4 - Predators : 5.
18:42 of 3rd period - Mike Ribeiro wins face-off versus Josef Vasicek in neutral zone.
18:57 of 3rd period - Wrist shot by Kris Vernarsky.
18:57 of 3rd period - Shot Blocked by Mike Ribeiro.
19:07 of 3rd period - Dennis Wideman is hit by Oliver Ekman-Larsson and loses puck.
19:28 of 3rd period - Canadiens, Jaroslav Halak is pulled from the net.
19:30 of 3rd period - Slapshot by Mike Ribeiro.
19:30 of 3rd period - Stopped by Kari Lehtonen without a rebound.
19:31 of 3rd period - Kirk Muller call a timeout for Canadiens.
19:31 of 3rd period - Joe Thornton wins face-off versus Mike Ribeiro in Predators zone.
19:42 of 3rd period - Wrist shot by Marek Svatos.
19:42 of 3rd period - Shot Blocked by Ryan Mcdonagh.
Goals for this period are 2 for Canadiens vs 2 for Predators.
Shots for this period are 11 for Canadiens vs 16 for Predators.
Output by the SimonT Hockey Simulator (STHS) for François Prévost -- Original Page W3C XHTML 1.0 Valid